 Dungeon Crawl Stone Soup version 0.22-a0-423-g4197694 (webtiles) character file.

2954 inmateoo the Geomancer (level 10, -5/54 HPs)
             Began as a Kobold Wanderer on May 23, 2018.
             Was a Follower of Hepliaklqana.
             Slain by a two-headed ogre
             ... wielding a +0 giant club
              (8 damage)
             ... on level 8 of the Dungeon.
             The game lasted 00:17:51 (9249 turns).

inmateoo the Geomancer (Kobold Wanderer)            Turns: 9249, Time: 00:17:51

Health: -5/54      AC:  8    Str:  8    XL:     10   Next: 8%
Magic:  0/19       EV: 16    Int: 21    God:    Hepliaklqana [*.....]
Gold:   290        SH:  0    Dex: 15    Spells: 10/21 levels left

rFire    . . .     SeeInvis +   C - +1 trident of Peocs {freeze, +Blink rC+ Int+3}
rCold    + . .     Gourm    .   (shield currently unavailable)
rNeg     . . .     Faith    .   c - +0 robe
rPois    .         Spirit   +   l - +2 helmet
rElec    .         Reflect  .   s - +1 cloak
rCorr    .         Harm     .   L - +0 pair of gloves (curse)
MR       .....                  (no boots)
Stlth    ++++......             w - amulet of guardian spirit
HPRegen  0.18/turn              m - ring of see invisible
MPRegen  0.16/turn              I - +3 ring of evasion

@: no status effects
A: small, reduced essence, carnivore
a: Recall Ancestor, Ancestor Identity, Renounce Religion, Evoke Blink


You were on level 8 of the Dungeon.
You worshipped Hepliaklqana.
Hepliaklqana was aware of your devotion.
You were full.

You visited 2 branches of the dungeon, and saw 9 of its levels.
You also visited: Ossuary.

You collected 493 gold pieces.
You spent 203 gold pieces at shops.

Inventory:

Hand Weapons
 d - a +1 dagger
 C - the +1 trident of Peocs (weapon) {freeze, +Blink rC+ Int+3}
   (You found it on level 5 of the Dungeon)

   It has been specially enchanted to freeze those struck by it, causing extra
   injury to most foes and up to half again as much damage against particularly
   susceptible opponents.
   It can also slow down cold-blooded creatures.
   It affects your intelligence (+3).
   It protects you from cold.
   It lets you blink.
 O - a +2 dagger of venom
Missiles
 b - 113 stones (quivered)
Armour
 c - a +0 robe (worn)
 l - a +2 helmet (worn)
 s - a +1 cloak (worn)
 L - a cursed +0 pair of gloves (worn)
 N - the +13 plate armour of Happy Babbling {rPois rF+ rC-}
   (You found it on level 7 of the Dungeon)

   It protects you from fire.
   It makes you vulnerable to cold.
   It protects you from poison.
Magical Staves
 x - an uncursed staff of poison
Jewellery
 e - an uncursed ring of flight {unknown}
 m - a ring of see invisible (left hand)
 w - an amulet of guardian spirit (around neck)
 E - an uncursed ring of stealth
 I - a +3 ring of evasion (right hand)
Wands
 n - a wand of paralysis (12)
 t - a wand of iceblast (7)
 y - a wand of random effects (19)
 H - a wand of flame (27)
 M - a wand of polymorph (15)
Scrolls
 a - a scroll of enchant armour
 i - 2 scrolls of fog
 k - 2 scrolls of enchant weapon
 o - 6 scrolls of remove curse
 p - a scroll of fear
 q - 2 scrolls of amnesia
 v - 4 scrolls of teleportation
 J - a scroll of silence
 K - a scroll of identify
Potions
 g - 4 potions of heal wounds
 h - a potion of brilliance
 j - a potion of berserk rage
 r - 2 potions of magic
 u - 3 potions of curing
 z - 3 potions of lignification
 A - 3 potions of ambrosia
 B - 3 potions of might
 F - a potion of haste {unknown}
 G - a potion of resistance
Miscellaneous
 D - a fan of gales
Comestibles
 f - 15 rations


   Skills:
 + Level 5.7 Fighting
 - Level 7.1 Short Blades
 * Level 4.2 Polearms
 - Level 7.0 Stealth
   Level 1.0 Shields
 - Level 6.0 Spellcasting
 - Level 8.0 Earth Magic


You had 10 spell levels left.
You knew the following spells:

 Your Spells              Type           Power        Failure   Level  Hunger
a - Sandblast             Erth           #####.       1%          1    None
b - Passwall              Tmut/Erth      ###.......   2%          2    None
c - Stone Arrow           Conj/Erth      ###...       5%          3    ##.....
d - Lee's Rapid Deconstr  Erth           #####.....   10%         5    #####..

Your spell library contained the following spells:

 Spells                   Type           Power        Failure   Level  Hunger
 Petrify                  Tmut/Erth      ###.....     19%         4    ####...


Dungeon Overview and Level Annotations

Branches:
Dungeon (8/15)             Temple (1/1) D:6
   Lair: D:8-11

Altars:
Ashenzari
Dithmenos
Elyvilon
Fedhas
Gozag
Hepliaklqana
Kikubaaqudgha
Makhleb
Nemelex Xobeh
Okawaru
Qazlal
Ru
Sif Muna
Trog
Uskayaw
Vehumet
Wu Jian
Xom
The Shining One

Shops:
D:7 ?

Annotations:
D:3 Venturno's ghost, amateur DrFE
D:5 2 runed doors
D:7 1 transporter


Innate Abilities, Weirdness & Mutations

You are small and have problems with some larger weapons.
You are carnivorous and can eat meat at any time.
Your life essence is reduced to manifest your ancestor. (-10% HP)


Message History

Aiming: Stone Arrow (safe; 5% risk of failure)
Press: ? - help, Shift-Dir - straight line, f/p - two-headed ogre
Aim: a two-headed ogre, wielding a giant club and a dire flail (almost dead)
The stone arrow misses the two-headed ogre.
The two-headed ogre hits you with a giant club!!
The two-headed ogre hits you with a dire flail!
* * * LOW HITPOINT WARNING * * *
Casting: Stone Arrow (safe; 5% risk of failure)
Confirm with . or Enter, or press ? or * to list all spells.
Okay, then.
Casting: Stone Arrow (safe; 5% risk of failure)
Confirm with . or Enter, or press ? or * to list all spells.
Aiming: Sandblast (safe; 1% risk of failure)
Press: ? - help, Shift-Dir - straight line, f/p - two-headed ogre
Aim: a two-headed ogre, wielding a giant club and a dire flail (severely wounded)
The blast of sand hits the two-headed ogre.
The two-headed ogre is almost dead.
b - 113 stones The two-headed ogre hits you with a giant club!
You die...

.### #.........# ...
...# #.# #.....## .....
.#.####.## #.....#......
.#....#... #............
##.[....#.##....##......
#......##..####.##......
#.....####..###..#......
#.....###...............
....<.....#.##.O@.......
###.#######..#)##.......
#.# #.............. #.#
##..[...........
##.#####.....)(........
##..#...)))(............
......####..............
......# #.....)........
.....#####.............


You could see a two-headed ogre.

Vanquished Creatures
  A hippogriff (D:7)
  2 ice beasts (D:5)
  An orc warrior (D:7)
  3 centaurs
  2 ogres (D:5)
  A phantom (D:5)
  A bullfrog (D:6)
  A wyvern zombie (D:7)
  2 water moccasin zombies (Ossuary)
  2 wights (D:8)
  4 hounds
  A bullfrog skeleton (D:4)
  2 gnoll shamans
  An orc priest (D:7)
  An orc wizard (D:8)
  Ijyb (D:5)
  3 iguanas
  5 worker ants
  A killer bee zombie (D:6)
  2 big kobold zombies (Ossuary)
  A hound zombie (D:6)
  A hound skeleton (D:4)
  2 mummies (Ossuary)
  A worker ant zombie (D:5)
  10 adders
  8 gnolls
  A shadow imp (D:7)
  2 oozes
  An adder skeleton (D:2)
  6 adder zombies (Ossuary)
  3 worms
  3 dart slugs
  4 leopard geckos
  14 orcs
  8 bats
  5 giant cockroaches
  2 gnoll zombies (Ossuary)
  4 goblins
  6 hobgoblins
  6 jackals
  3 quokkas
  A ball python (D:1)
  4 frilled lizards
  A hobgoblin zombie (Ossuary)
  A jackal zombie (D:5)
  8 kobolds
  7 kobold zombies (Ossuary)
  A leopard gecko skeleton (D:4)
  7 orc zombies
  A quokka skeleton (D:5)
  7 rats
166 creatures vanquished.

Vanquished Creatures (collateral kills)
  An ice beast (D:7)
  An orc warrior (D:7)
  An ogre (D:6)
  A centaur (D:6)
  A wight (D:8)
  3 crimson imps
  A jelly (D:7)
  A hound (D:7)
  A bullfrog skeleton (D:8)
  An orc priest (D:8)
  An iguana (D:8)
  An orc wizard (D:8)
  2 worker ants
  A worker ant zombie (D:7)
  2 adders (D:7)
  A howler monkey skeleton (D:6)
  A shadow imp (D:8)
  An adder skeleton (D:7)
  An orc (D:7)
  A leopard gecko zombie (D:8)
  A quokka zombie (D:7)
25 creatures vanquished.

Vanquished Creatures (others)
  4 ancestors
4 creatures vanquished.

Grand Total: 195 creatures vanquished

Notes
Turn   | Place    | Note
-------+----------+-------------------------------------------
     0 | D:1      | inmateoo the Kobold Wanderer began the quest for the Orb.
     0 | D:1      | inmateoo set off with: a potion of lignification, a +0 robe, a +0 dagger, a ration
     0 | D:1      | Reached XP level 1. HP: 10/10 MP: 4/4
     2 | D:1      | Learned a level 1 spell: Sandblast
    43 | D:1      | You fall through a shaft!
   519 | D:2      | Reached XP level 2. HP: 9/15 MP: 1/6
   753 | D:1      | Reached XP level 3. HP: 14/19 MP: 5/8
  1344 | D:1      | Reached XP level 4. HP: 24/24 MP: 10/10
  1348 | D:1      | Learned a level 2 spell: Passwall
  1352 | D:1      | Learned a level 3 spell: Stone Arrow
  1987 | D:2      | Reached skill level 1 in Short Blades
  2247 | D:2      | Found a sacrificial altar of Ru.
  2366 | D:2      | Reached XP level 5. HP: 28/28 MP: 8/11
  2711 | D:3      | Noticed Venturno's ghost (amateur DrFE)
  2870 | D:4      | Reached skill level 1 in Fighting
  2974 | D:4      | Learned a level 5 spell: Lee's Rapid Deconstruction
  3002 | D:4      | Reached XP level 6. HP: 10/34 MP: 9/12
  4363 | D:4      | Reached skill level 5 in Stealth
  4688 | D:4      | Reached XP level 7. HP: 40/40 MP: 13/13
  4713 | D:5      | Entered Level 5 of the Dungeon
  4824 | D:5      | Found a large runed door.
  4824 | D:5      | Found a large runed door.
  4835 | D:5      | Found a sand-covered staircase.
  4847 | Ossuary  | Entered an ossuary
  5751 | Ossuary  | Reached skill level 5 in Short Blades
  5896 | D:5      | Reached skill level 5 in Spellcasting
  5896 | D:5      | Reached XP level 8. HP: 46/46 MP: 9/15
  5937 | D:5      | Found the +7 great mace "Undeadhunter" {disrupt, rN+}
  6098 | D:5      | Found a large runed door.
  6098 | D:5      | Found a large runed door.
  6138 | D:5      | Reached skill level 6 in Earth Magic
  6538 | D:5      | Noticed Ijyb
  6593 | D:5      | Killed Ijyb
  6743 | D:5      | Got a steaming trident
  6744 | D:5      | Identified the +1 trident of Peocs {freeze, +Blink rC+ Int+3} (You found it on level 5 of the Dungeon)
  6906 | D:6      | Found a staircase to the Ecumenical Temple.
  6946 | D:6      | Reached XP level 9. HP: 40/52 MP: 13/17
  6960 | Temple   | Entered the Ecumenical Temple
  7097 | Temple   | Became a worshipper of Hepliaklqana the Forgotten
  7536 | D:6      | Reached skill level 7 in Earth Magic
  7635 | D:7      | Found a transporter.
  7911 | D:7      | Reached skill level 8 in Earth Magic
  7984 | D:7      | Found Fiffoo's Magic Scroll Shoppe.
  7987 | D:7      | Bought a scroll of identify for 28 gold pieces
  7987 | D:7      | Bought a scroll of identify for 28 gold pieces
  7987 | D:7      | Bought a scroll of teleportation for 42 gold pieces
  7987 | D:7      | Bought a scroll of enchant weapon for 105 gold pieces
  8010 | D:7      | Found the +6 lightning scales {run, rElec}
  8132 | D:7      | Reached skill level 1 in Polearms
  8273 | D:7      | Noticed a hippogriff
  8279 | D:7      | Killed a hippogriff
  8470 | D:7      | Reached * piety under Hepliaklqana
  8591 | D:7      | Reached skill level 5 in Fighting
  8670 | D:7      | Found a blossoming altar of Fedhas.
  8870 | D:7      | Got a crude plate armour
  8882 | D:7      | Identified the +13 plate armour of Happy Babbling {rPois rF+ rC-} (You found it on level 7 of the Dungeon)
  8981 | D:8      | Found a stormy altar of Qazlal.
  9056 | D:8      | Reached XP level 10. HP: 51/53 MP: 11/19
  9225 | D:8      | Noticed a two-headed ogre
  9249 | D:8      | Slain by a two-headed ogre

Vault maps used:
D:1:      scummos_arrival_hexagon, minmay_statues_item, minmay_tetromino_l4
D:2:      nicolae_ru_the_path_less_chosen
D:4:      serial_curves, eino_curves_04, eino_curves_01
D:5:      first_ration, enter_ossuary_3, minmay_hollow_rounded_squares,
          uniq_ijyb
D:6:      minmay_temple_entry_statues_pillars
D:7:      gammafunk_beogh_shrine, serial_shops, kennysheep_mini,
          fedhas_bush_and_centaur_altar
D:8:      hangedman_little_slice_of_home, minmay_crystal_room,
          grunt_qazlal_clouds
Temple:   roderic_octagonal_lattice_temple
Ossuary:  ossuary_tomb_2

Skill      XL: |  1  2  3  4  5  6  7  8  9 10 |
---------------+-------------------------------+-----
Stealth        | 2 4 5 7 |  7.0
Spellcasting   | 4 5 6 |  6.0
Short Blades   | 1 3 4 5 7 |  7.1
Fighting       | 1 2 3 4 5 |  5.7
Earth Magic    | 6 8 |  8.0
Polearms       | 3 4 |  4.2
Shields        | |  1.0

Action                   |  1- 3 |  4- 6 |  7- 9 | 10-12 || total
-------------------------+-------+-------+-------+-------++-------
Melee: Dagger            |    76 |   169 |   277 |       ||   522
       Unarmed           |     6 |       |       |       ||     6
       Trident           |       |       |   168 |    35 ||   203
 Cast: Sandblast         |    17 |    66 |    25 |     1 ||   109
       Passwall          |       |     1 |       |       ||     1
       Stone Arrow       |       |       |    10 |     5 ||    15
       Lee's Rapid Decon |       |       |    11 |     2 ||    13
Invok: Ancestor Identity |       |       |     1 |       ||     1
  Use: Potion            |     1 |       |     3 |       ||     4
       Scroll            |       |    12 |     9 |       ||    21
 Stab: Sleeping          |     4 |    13 |    12 |     1 ||    30
       Distracted        |       |       |     5 |     1 ||     6
  Eat: Chunk             |     7 |    10 |    19 |     1 ||    37
Armor: Skin              |     5 |       |       |       ||     5
       Robe              |    19 |    66 |    87 |     6 ||   178
Dodge: Dodged            |    67 |   147 |   227 |    20 ||   461

Table legend:
 A = Spawn XP
 B = Non-spawn XP
 C = Spawn XP percentage of total XP
 D = Spawn monster count
 E = Non-spawn monster count
 F = Spawn count percentage of total count
 G = Total turns spent on level
                    A         B        C        D         E        F      G
               +---------+---------+-------+---------+---------+-------+---------
         Total |       0 |    4221 |   0.0 |       0 |     191 |   0.0 |  9249
               +---------+---------+-------+---------+---------+-------+---------
           D:1 |       0 |      77 |   0.0 |       0 |      34 |   0.0 |  1306
           D:2 |       0 |      75 |   0.0 |       0 |      16 |   0.0 |  1330
           D:3 |       0 |      40 |   0.0 |       0 |      12 |   0.0 |   923
           D:4 |       0 |     342 |   0.0 |       0 |      17 |   0.0 |  1154
           D:5 |       0 |     972 |   0.0 |       0 |      19 |   0.0 |  1097
           D:6 |       0 |     616 |   0.0 |       0 |      13 |   0.0 |   837
           D:7 |       0 |    1209 |   0.0 |       0 |      28 |   0.0 |  1114
           D:8 |       0 |     602 |   0.0 |       0 |      25 |   0.0 |   323
       Ossuary |       0 |     288 |   0.0 |       0 |      27 |   0.0 |  1006
               +---------+---------+-------+---------+---------+-------+---------
